 Dungeon Crawl Stone Soup version 0.30-a0-475-g03497ec522 (webtiles) character file.

Game seed: 8197212137443628414

469 kae the Firebug (level 7, -3/36 HPs)
             Began as a Tengu Fire Elementalist on Dec 20, 2022.
             Slain by an orc
             ... wielding a +1 dagger of electrocution
              (16 damage)
             ... on level 4 of the Dungeon.
             The game lasted 00:02:53 (3516 turns).

kae the Firebug (Tengu Fire Elementalist)           Turns: 3516, Time: 00:02:54

Health: -3/36      AC:  2    Str:  8      XL:     7   Next: 9%
Magic:  6/13       EV: 14    Int: 17      God:
Gold:   166        SH:  0    Dex:  8 (15) Spells: 6/12 levels left

rFire   . . .      SeeInvis .    d - +2 dagger (venom)
rCold   . . .      Faith    .    (no shield)
rNeg    . . .      Spirit   .    a - +0 robe
rPois   .          Reflect  .    (helmet restricted)
rElec   .          Harm     .    (no cloak)
rCorr   .          Rampage  .    (no gloves)
Will    .....                    (boots unavailable)
Stlth   ++........               (no amulet)
HPRegen 0.26/turn                (no ring)
MPRegen 0.13/turn                (no ring)

@: flying quickly and evasively, quick
A: beak, talons 3, nimble flight
a: no special abilities


You were on level 4 of the Dungeon.
You visited 1 branch of the dungeon, and saw 4 of its levels.

You collected 166 gold pieces.


Innate Abilities, Weirdness & Mutations

You have a beak for a mouth.
You have claws for feet.
Your magical nature lets you fly swiftly and evasively.


   Skills:
 - Level 2.1 Dodging
 - Level 2.0 Stealth
 + Level 3.4 Spellcasting
 * Level 5.9 Conjurations
 * Level 5.9 Fire Magic


You had 6 spell levels left.
You knew the following spells:

 Your Spells              Type           Power      Damage    Failure   Level
a - Foxfire               Conj/Fire      92%        2x1d8     1%          1
b - Scorch                Fire           46%        2d7       2%          2
c - Inner Flame           Hex/Fire       13%        N/A       14%         3

Your spell library contained the following spells:

 Spells                   Type           Power      Damage    Failure   Level
 Flame Wave               Conj/Fire      23%        2d8       14%         4
 Kindle Blastsparks       Fire/Tloc/Air  18%        2d11      22%         3
 Fulminant Prism          Conj/Hex       6%         3d7       43%         4
 Iskenderun's Mystic Bla  Conj/Tloc      13%        2d5       43%         4
 Lee's Rapid Deconstruct  Erth           1%         3d4*      99%         5

Inventory:

Hand Weapons
 d - a +2 dagger of venom (weapon)
   (You took it off Jessica on level 2 of the Dungeon)
Missiles
 f - 28 stones
Armour
 a - a +0 robe (worn)
Magical Staves
 e - a staff of poison {!a}
   (You found it on level 1 of the Dungeon)
Scrolls
 h - a scroll of blinking {!r}
 i - a scroll of immolation {!r!r}
 m - a scroll of noise {unknown}
Potions
 b - 4 potions of curing {@q1}
 c - a potion of cancellation
 g - a potion of flight
 j - 2 potions of heal wounds {unknown}
 k - 2 potions of resistance {unknown}
 l - 2 potions of mutation {unknown}

Dungeon Overview and Level Annotations

Branches:
Dungeon (4/15) Zot: 20554
 Temple: D:4-7

Altars:

.......#..#
#####♣†)~.......#
.....[##..
##.~.~~~~.....
<.....##.
#...~~~~.....# ....#.#
# #.###..~§~~.....#
#..## # #.
#.....§§........###
.>.#
..........§§§.........
..##
......####.....♣♣...#
.## .....
####....♣...## .
......##@##..>..P...#
. ♣....ho......♣..P..#
.
.....###...........##
. P.. ##..#......## .
#..##....###
##.##.....###
..##.......#
..###.......# #..
#...#.....#


You could see a hound and an orc.


Message History

The quasit completely misses you. 😕 HP[-1]
You take 1 damage, and now have 25/32 hp.
You hit the quasit. Your kick misses the quasit.
The quasit bites you but does no damage.
The quasit barely misses you. The quasit completely misses you.
It was a potion of curing.
You feel better. The quasit barely misses you. The quasit misses you.
The quasit closely misses you. The quasit bites you.
The quasit misses you. x2 😕 HP[+6]
You regained 6 hp, and now have 31/32 hp.
You barely miss the quasit.
The quasit bites you but does no damage.
The quasit closely misses you.
The quasit claws you but does no damage. 😎 HP[+1]
Your hp is fully restored (32).
You hit the quasit but do no damage. Your kick misses the quasit.
The quasit bites you but does no damage.
The quasit completely misses you.
The quasit claws you but does no damage. 😎 MP[+1]
You hit the quasit but do no damage.
The quasit is poisoned.
Your kick misses the quasit. Your peck misses the quasit.
The quasit misses you. x2; The quasit barely misses you.
You miss the quasit. The quasit closely misses you. x2
The quasit claws you but does no damage.
The quasit bites you.
You feel clumsy. The quasit barely misses you.
The quasit closely misses you. 😕 HP[-2]
You take 2 damage, and now have 30/32 hp.
You closely miss the quasit. Your kick misses the quasit.
Your punch misses the quasit. The quasit closely misses you.
The quasit claws you.
You feel clumsy. The quasit closely misses you.
You hit the quasit but do no damage.
The quasit looks as sick as possible!
The quasit closely misses you. The quasit completely misses you.
The quasit claws you. 😕 HP[-1]
You take 1 damage, and now have 29/32 hp.
You hit the quasit.
The quasit looks as sick as possible!
You claw the quasit.
You kill the quasit!
You have reached level 7! 😕 HP[+4]
You now have 36 max hp (+4).
You regained 4 hp, and now have 33/36 hp.
A hound comes into view.
You miss something. Something hits you. 😕 HP[-3] MP[+1]
You take 3 damage, and now have 30/36 hp.
You hit something. Your kick misses something.
You hear some strange, mumbled words.
Something tries to affect you, but you resist. 😕 HP[+1]
You closely miss something. Your kick misses something.
Something hits you. 😕 HP[-2]
You take 2 damage, and now have 29/36 hp.
You barely miss something. Your kick misses something.
Something hits you. 😕 HP[-1]
You take 1 damage, and now have 28/36 hp.
You barely miss something. Your punch misses something.
Something barely misses you.
You hit something. Your kick misses something. Something hits you.
You closely miss something. Your kick misses something.
Something hits you. 😮 HP[-1]
You take 1 damage, and now have 27/36 hp.
You hit something. You peck something. Something hits you. 😮 HP[-3]
You take 3 damage, and now have 24/36 hp.
You closely miss something. Something hits you. 😮 HP[-2] MP[+1]
You take 2 damage, and now have 22/36 hp.
You hit something. Your kick misses something. Your peck misses something.
Something hits you. 😮 HP[-1]
You take 1 damage, and now have 21/36 hp.
You miss something. Your kick misses something.
You hear some strange, mumbled words.
A puff of flame appears from out of thin air!
The puff of flame hits you!
* * * LOW HITPOINT WARNING * * *
😨 HP[-8]
You take 8 damage, and now have 13/36 hp.
MASSIVE DAMAGE!! (PAUSE)
You miss something. Your kick misses something. Your peck misses something.
Reactivating autopickup.
You feel a bit more experienced.
You barely miss the orc. You claw the orc, but do no damage.
Your peck misses the orc. The orc closely misses you. 😨 HP[+1]
You barely miss the orc. You claw the orc. You peck the orc, but do no damage.
You hit the orc but do no damage. You claw the orc.
You kill the orc!
The orc hits you but does no damage.
The orc hits you with a +1 dagger of electrocution.
* * * LOW HITPOINT WARNING * * *
You are electrocuted!
You die...

Skill      XL: |  1  2  3  4  5  6 |
---------------+-------------------+-----
Conjurations   | 2 3 4 5 |  5.9
Fire Magic     | 4 5 |  5.9
Spellcasting   | 3 |  3.4
Dodging        | |  2.1
Stealth        | |  2.0

Action                   |  1- 3 |  4- 6 |  7- 9 || total
-------------------------+-------+-------+-------++-------
Melee: Unarmed           |     9 |       |       ||     9
       Kick              |     2 |     1 |     3 ||     6
       Dagger            |       |    15 |    15 ||    30
       Peck              |       |     1 |     2 ||     3
 Cast: Foxfire           |    57 |    92 |       ||   149
       Scorch            |     1 |    18 |       ||    19
  Use: Scroll            |     4 |     6 |       ||    10
       Potion            |     3 |     1 |       ||     4
Armor: Robe              |     8 |    18 |     1 ||    27
Dodge: Dodged            |    34 |    64 |     2 ||   100

Levels and vault maps discovered:
D:1:      lightli_arrival_statuegarden, layout_loops_cross,
          chequers_serial_rivers_micro_d
D:2:      layout_basic, uniq_jessica, uniq_robin
D:3:      layout_rooms
D:4:      layout_cave_pools, mainiacjoe_overflow_tiny_flanked, serial_demonic,
          serial_demonic_e, serial_demonic_f, serial_demonic_f, serial_demonic_c

Notes
Turn   | Place    | Note
-------+----------+-------------------------------------------
     0 | D:1      | kae the Tengu Fire Elementalist began the quest for the
                  | Orb.
     0 | D:1      | Reached XP level 1. HP: 10/10 MP: 4/4
     0 | D:1      | magus.rc [v1.11.3]
    88 | D:1      | You fall into a shaft and drop 1 floor!
   280 | D:1      | Reached skill level 2 in Conjurations
   280 | D:1      | Reached XP level 2. HP: 15/15 MP: 3/6
   290 | D:1      | Learned a level 2 spell: Scorch
   946 | D:2      | Reached XP level 3. HP: 19/19 MP: 3/7
   947 | D:2      | Noticed Robin
   950 | D:2      | Learned a level 3 spell: Inner Flame
   961 | D:2      | Killed Robin
   962 | D:2      | Reached skill level 4 in Fire Magic
   974 | D:2      | HP: 3/19 [goblin/+0 dagger[Robin] (3)]
   979 | D:2      | Reached skill level 3 in Conjurations
   980 | D:2      | HP: 1/19 [goblin/+0 dagger[Robin] (2)]
  1140 | D:2      | Noticed Jessica
  1145 | D:2      | Killed Jessica
  1146 | D:2      | Reached XP level 4. HP: 24/24 MP: 2/8
  1789 | D:2      | You pick up a book of Blasting and begin reading...
  1789 | D:2      | You add the spells Fulminant Prism, Iskenderun's Mystic
                  | Blast and Lee's Rapid Deconstruction to your library.
  1968 | D:2      | Reached skill level 4 in Conjurations
  1968 | D:2      | Gained mutation: Your magical nature lets you fly swiftly
                  | and evasively. [Tengu growth]
  1968 | D:2      | Reached XP level 5. HP: 21/28 MP: 3/10
  2948 | D:4      | Reached skill level 5 in Fire Magic
  2953 | D:4      | Reached skill level 3 in Spellcasting
  3007 | D:4      | Reached XP level 6. HP: 26/32 MP: 1/11
  3122 | D:4      | Reached skill level 5 in Conjurations
  3353 | D:4      | HP: 7/32 [cloud of steam (6)]
  3499 | D:4      | Reached XP level 7. HP: 33/36 MP: 3/13
  3516 | D:4      | Slain by an orc

Vanquished Creatures
  An ogre (D:4)
  A quasit (D:4)
  An orc priest (D:3)
  A hound (D:4)
  Jessica (D:2)
  2 iguanas (D:4)
  2 orc wizards (D:4)
  Robin (D:2)
  4 adders
  A shadow imp (D:4)
  2 white imps (D:4)
  An ufetubus (D:4)
  A worm (D:2)
  A dart slug (D:1)
  7 orcs
  5 bats
  4 endoplasms
  6 giant cockroaches
  3 hobgoblins
  4 kobolds
  3 quokkas
  9 ball pythons
  4 frilled lizards
  13 goblins
  10 rats
88 creatures vanquished.

Vanquished Creatures (collateral kills)
  2 foxfires (D:4)
2 creatures vanquished.

Vanquished Creatures (others)
  6 demonic plants (D:4)
  252 foxfires
258 creatures vanquished.

Grand Total: 348 creatures vanquished

Table legend:
 A = Non-vault XP
 B = Vault XP
 C = Vault XP percentage of total XP
 D = Non-vault monster count
 E = Vault monster count
 F = Vault count percentage of total count
                 A         B        C        D         E       F
            +---------+---------+-------+---------+---------+-------
      Total |     511 |     159 |  23.7 |      70 |      18 |  20.5
            +---------+---------+-------+---------+---------+-------
        D:1 |      29 |       0 |   0.0 |      18 |       0 |   0.0
        D:2 |      76 |      73 |  49.0 |      24 |      13 |  35.1
        D:3 |      82 |       0 |   0.0 |      15 |       0 |   0.0
        D:4 |     324 |      86 |  21.0 |      13 |       5 |  27.8
            +---------+---------+-------+---------+---------+-------

Illustrated notes

Table legend:
 A = Kills in this place as a percentage of kills in entire the game.
 B = Kills by you in this place as a percentage of kills by you in the entire game.
 C = Kills by friends in this place as a percentage of kills by friends in the entire game.
 D = Other kills in this place as a percentage of other kills in the entire game.
 E = Experience gained in this place as a percentage of experience gained in the entire game.
 F = Experience gained in this place divided by the number of levels of this place that you have seen.
                   A       B       C       D       E      F
               +-------+-------+-------+-------+-------+----------------------
         Total | 100.0 | 100.0 |   N/A |   N/A | 100.0 | 167.5
       Dungeon | 100.0 | 100.0 |   N/A |   N/A | 100.0 | 167.5
               +-------+-------+-------+-------+-------+----------------------

Table legend: (Time is in decaauts)
 A = Elapsed time spent in this place.
 B = Non-inter-level travel time spent in this place.
 C = Inter-level travel time spent in this place.
 D = Time resting spent in this place.
 E = Time spent auto-exploring this place.
 F = Levels seen in this place.
 G = Mean time per level.
                   A        B        C        D        E       F      G
               +--------+--------+--------+--------+--------+-----+--------+
         Total |   3444 |   3384 |     60 |    126 |   2702 |   4 |  861.0 |
       Dungeon |   3444 |   3384 |     60 |    126 |   2702 |   4 |  861.0 |
               +--------+--------+--------+--------+--------+-----+--------+

Top non-repeatable levels by time:
     D:2: 1395 daAuts
     D:1: 841 daAuts
     D:3: 634 daAuts
     D:4: 573 daAuts
